[Event "*** Titled Tuesday Blitz"]
[Site "Chess.com"]
[Date "2019.12.03"]
[Round "4"]
[White "gusanchutik"]
[Black "gmcorrales"]
[Result "1/2-1/2"]
[WhiteElo "2961"]
[BlackElo "2735"]
[TimeControl "180+2"]
[EndTime "13:56:58 PST"]
[Termination "Game drawn by 50-move rule"]

1. d4 Nf6 2. c4 g6 3. Nc3 d5 4.
cxd5 Nxd5 5. e4 Nxc3 6. bxc3 Bg7 7. Be3 c5 8. Qd2 O-O 9. Nf3 Qa5 10. Rb1 cxd4 11.
cxd4 Qxd2+ 12. Nxd2 e6 13. Bc4 Nc6 14. d5 Ne5 15. dxe6 Nxc4 16. exf7+ Rxf7 17. Nxc4 Be6 18. Nd6 Bxa2 19. Nxf7 Bxb1 20. Nd6 a5 21. Ke2 Ba2 22. f4 b5 23. e5 b4 24. g4 a4 25. Bc5 Rb8 26.
Bd4 a3 27. f5 b3 28. f6 b2 29. fxg7 b1=Q 30. Rxb1 Rxb1 31. Bc5 Rb2+ 32. Ke1 Rb3 33.
e6 Rb1+ 34. Kf2 Rb2+ 35. Ke1 Bxe6 36. Bxa3 Rxh2 37. g5 Kxg7 38. Bc5 Bd5 39. Bd4+ Kf8 40.
Bf6 Be6 41. Bd8 Ra2 42. Bf6 Ra6 43. Nb5 Rb6 44. Nd4 Bd7 45. Nf3 Ra6 46. Ne5 Be6 47. Kf2 Ke8 48. Ke3 Ra4 49. Nd3 Bf5 50. Ne5 Re4+ 51.
Kf3 Ra4 52. Ke3 Be4 53. Kf4 Bd5+ 54. Kg3 Be6 55. Kf3 Ra1 56. Kg3 Rf1 57. Nf3 Bd5 58. Nh2 Rf5 59. Ng4 Kd7 60. Nh6 Rf3+ 61. Kg4 Ke6 62. Kh4 Rf4+ 63. Kg3 Rf3+ 64. Kh4 Ra3 65.
Kg4 Ra4+ 66. Kg3 Ra3+ 67. Kg4 Bf3+ 68. Kf4 Bh5 69. Bd8 Ra4+ 70. Kg3 Ra3+ 71. Kf4 Ra8 72.
Bf6 Ra4+ 73. Kg3 Kd5 74. Nf7 Re4 75. Nh6 Re3+ 76. Kf2 Ke4 77. Nf7 Rf3+ 78. Kg2 Rd3 79. Ne5 Rd5 80. Nf7 Bf3+ 81. Kg3 Rd2 82. Ne5 Rg2+ 83. Kh3 Kf4 84. Nd3+ Ke3 85. Ne5 Rg1 86. Nf7 Rd1 87. Kg3 Rg1+ 1/2-1/2

[Event "*** Titled Tuesday Blitz"]
[Site "Chess.com"]
[Date "2019.12.03"]
[Round "4"]
[White "MatthewG-p4p"]
[Black "Eltaj_Safarli"]
[Result "1/2-1/2"]
[WhiteElo "2771"]
[BlackElo "2984"]
[TimeControl "180+2"]
[EndTime "13:57:01 PST"]
[Termination "Game drawn by repetition"]

1. Nf3 Nf6 2. e3 g6 3. b4 Bg7 4. Bb2 O-O 5. Be2 d6 6. d4 e5 7. c4 Nc6 8. b5 Ne7 9. O-O e4 10.
Nfd2 Re8 11. Nc3 Nf5 12. Qc2 Qe7 13. Rfc1 h5 14. Nd5 Nxd5 15. cxd5 Nh4 16. g3 Nf5 17. Qxc7 Bd7 18. Qc2 h4 19. Bf1 Bh6 20. Re1 hxg3 21. hxg3 Rac8 22. Qd1 Bxe3 23. fxe3 Qg5 24. Bg2 Qxg3 25.
Nf1 Qg5 26. Re2 Nh4 27. Rc2 Rxc2 28. Qxc2 Bh3 29. Nh2 Bxg2 30. Qf2 Bh3+ 31. Kh1 Bg2+ 32. Kg1 Nf3+ 33. Nxf3 Bxf3+ 34. Kf1 Kg7 35. Ke1 Rh8 36. Kd2 Qd8 37. Bc3 Qb6 38. a4 a6 39. Rb1 axb5 40. Rxb5 Qc7 41. Kc2 Qc4 42. Kb2 Rh1 43. Qg3 Qxa4 44. Rb4 Qa1+ 45. Kb3 Rb1+ 46. Kc2 Qa2+ 47. Rb2 Rxb2+ 48. Bxb2 Qxd5 49. Ba3 Qa2+ 50. Bb2 Qc4+ 51. Bc3 d5 52. Qe5+ Kh7 53. Qh2+ Bh5 54.
Qf4 Qe2+ 55. Kb3 Qf3 56. Qg5 f6 57. Qxd5 Kh6 58. Qd8 Kg5 59. d5 Qf5 60. Bd4 Bg4 61. d6 Qe6+ 62. Kc3 Be2 63. Qa5+ Kg4 64. Qc7 Bb5 65.
Kb4 Bc6 66. d7 Qxd7 67. Qf4+ Kh3 68. Bxf6 Qd2+ 69. Kc5 Qa5+ 70. Kd6 Qd5+ 71. Kc7 Qd7+ 72. Kb6 Qg4 73. Qh6+ Kg2 74. Be5 g5 75. Bf6 Kf1 76.
Qxg5 Qf3 77. Bd4 Ke2 78. Qc5 Kf1 79. Qc4+ Kg2 80. Qg8+ Kf2 81. Qa2+ Kg3 82. Qg8+ Kh4 83. Qh7+ Kg3 84. Qg8+ Kh2 85. Be5+ Kh1 86. Bd4 Qh3 87. Qg7 Qh2 88. Qh8 Qxh8 89. Bxh8 Kg2 90. Bd4 Kf3 91. Bc5 Ke2 92. Bd4 Kd3 93. Bc5 Kc4 94. Bd4 Kd5 95.
Bc5 Ke6 96. Bd4 Kd7 97. Bc5 Ke6 98. Bd4 Kf5 99. Bc5 Kg4 100. Bd4 Kf5 101. Bc5 Kg4 102. Bd4 Kf5 1/2-1/2

[Event "*** Titled Tuesday Blitz"]
[Site "Chess.com"]
[Date "2019.12.03"]
[Round "5"]
[White "champ2005"]
[Black "AnubisInmortal03"]
[Result "1-0"]
[WhiteElo "2950"]
[BlackElo "2571"]
[TimeControl "180+2"]
[EndTime "13:59:08 PST"]
[Termination "champ2005 won by resignation"]

1. c4 Nf6 2. Nc3 e6 3. e4 d5 4. e5 d4 5. exf6 dxc3 6. bxc3 Qxf6 7. Nf3 h6 8. d4 Be7 9. Bd3 O-O 10. O-O b6 11.
Be4 c6 12. Ne5 Bb7 13. Ng4 Qh4 14. g3 Qh3 15. Bg2 1-0

[Event "*** Titled Tuesday Blitz"]
[Site "Chess.com"]
[Date "2019.12.03"]
[Round "5"]
[White "CaptainCasanova"]
[Black "Philosopherrr"]
[Result "1-0"]
[WhiteElo "2684"]
[BlackElo "2441"]
[TimeControl "180+2"]
[EndTime "13:59:20 PST"]
[Termination "CaptainCasanova won by resignation"]

1. e4 e5 2. Nf3 Nc6 3. Bc4 Bc5 4. O-O Nf6 5. d4 exd4 6. e5 d5 7. exf6 dxc4 8. fxg7 Rg8 9. Bg5 Be7 10. Re1 Be6 11.
Bxe7 Kxe7 12. Re4 Qd5 13. Nc3 Qc5 14. Nxd4 Rxg7 15. Nxe6 fxe6 16. Nd5+ Kf7 17. Qh5+ Kg8 18. Nf6+ 1-0

[Event "*** Titled Tuesday Blitz"]
[Site "Chess.com"]
[Date "2019.12.03"]
[Round "5"]
[White "Walter_White_Poland"]
[Black "TST2014"]
[Result "0-1"]
[WhiteElo "2313"]
[BlackElo "2507"]
[TimeControl "180+2"]
[EndTime "14:00:36 PST"]
[Termination "TST2014 won by resignation"]

1. e4 c5 2. Nf3 Nc6 3. d4 cxd4 4. Nxd4 Nf6 5. Nc3 d6 6. Bg5 e6 7. Qd2 a6 8. O-O-O Bd7 9. f4 h6 10. Bxf6 Qxf6 11. Nf3 Qd8 12. g4 Qc7 13. h4 O-O-O 14. g5 hxg5 15. hxg5 Rxh1 0-1

[Event "*** Titled Tuesday Blitz"]
[Site "Chess.com"]
[Date "2019.12.03"]
[Round "5"]
[White "CarlssonLudvig"]
[Black "Jenia84"]
[Result "1-0"]
[WhiteElo "2439"]
[BlackElo "2206"]
[TimeControl "180+2"]
[EndTime "14:01:01 PST"]
[Termination "CarlssonLudvig won by resignation"]

1. d4 Nf6 2. Nf3 e6 3. Bf4 d5 4. e3 c5 5. c3 Bd6 6. Bg3 Qc7 7.
Nbd2 Nc6 8. Bxd6 Qxd6 9. Bb5 O-O 10. O-O a6 11. Bxc6 bxc6 12. Nb3 cxd4 13. cxd4 a5 14. Nc5 Nd7 15. Rc1 Ba6 16. Re1 Nxc5 17. Rxc5 Rfb8 18.
Ne5 Rxb2 19. Rxc6 Qa3 20. Qc1 h5 21. Rxa6 Rxa6 22. Qc8+ Kh7 23. Qxa6 Qb4 24. Rf1 Rxa2 25. Nxf7 Qc4 26. Ng5+ Kg6 27. Qxe6+ Kxg5 28. f4+ 1-0

[Event "*** Titled Tuesday Blitz"]
[Site "Chess.com"]
[Date "2019.12.03"]
[Round "5"]
[White "Bagirova"]
[Black "Godzillator"]
[Result "0-1"]
[WhiteElo "2116"]
[BlackElo "2364"]
[TimeControl "180+2"]
[EndTime "14:01:27 PST"]
[Termination "Godzillator won by resignation"]

1. e4 c6 2. Nf3 d5 3. Nc3 Bg4 4.
h3 Bxf3 5. Qxf3 Nf6 6. e5 Nfd7 7. d4 e6 8. Be3 c5 9. Ne2 Nc6 10. c3 Qb6 11. Nf4 cxd4 12. cxd4 Qxb2 13. Rd1 Bb4+ 14. Bd2 Nxd4 15. Qd3 Nxe5 16. Qb1 Bxd2+ 0-1

[Event "*** Titled Tuesday Blitz"]
[Site "Chess.com"]
[Date "2019.12.03"]
[Round "5"]
[White "brendan174"]
[Black "Al_Shima"]
[Result "0-1"]
[WhiteElo "2113"]
[BlackElo "2449"]
[TimeControl "180+2"]
[EndTime "14:01:27 PST"]
[Termination "Al_Shima won by resignation"]

1. d4 Nf6 2. Nc3 d5 3. Bf4 Bf5 4. f3 e6 5. g4 Bg6 6. h4 h5 7. g5 Nfd7 8. e3 a6 9. Bd3 Bxd3 10. Qxd3 g6 11. Nge2 c5 12. O-O-O Nc6 13. Kb1 Rc8 14. e4 cxd4 15. Nxd4 Bg7 16. Nxc6 bxc6 17. Rhe1 O-O 18. e5 Qb6 19. Na4 Qb4 20. Qd4 Qxd4 21. Rxd4 c5 22.
Rd2 Rb8 23. Bg3 Rb4 24. b3 Rfb8 25. f4 Rxa4 0-1

[Event "*** Titled Tuesday Blitz"]
[Site "Chess.com"]
[Date "2019.12.03"]
[Round "5"]
[White "kallerotmg"]
[Black "Leonid_Starozhilov"]
[Result "0-1"]
[WhiteElo "2141"]
[BlackElo "2677"]
[TimeControl "180+2"]
[EndTime "14:01:50 PST"]
[Termination "Leonid_Starozhilov won by checkmate"]

1. d4 Nf6 2. Nf3 g6 3. c4 Bg7 4. Nc3 d6 5. e4 Bg4 6. h3 Bxf3 7. Qxf3 Nc6 8. d5 Nd4 9. Qd1 c5 10. Be3 Nd7 11. Qd2 Qa5 12. h4 h5 13. O-O-O a6 14.
Ne2 Nb3+ 15. axb3 Qa1+ 16. Kc2 Qxb2+ 17. Kd3 Ne5# 0-1

[Event "*** Titled Tuesday Blitz"]
[Site "Chess.com"]
[Date "2019.12.03"]
[Round "5"]
[White "KRASAVCHIK2002"]
[Black "DangerousPlayer1st"]
[Result "0-1"]
[WhiteElo "2471"]
[BlackElo "2793"]
[TimeControl "180+2"]
[EndTime "14:01:59 PST"]
[Termination "DangerousPlayer1st won by resignation"]

1. e4 Nf6 2. e5 Nd5 3. d4 d6 4. c4 Nb6 5. exd6 cxd6 6. Nc3 g6 7.
Nf3 Bg7 8. Be3 O-O 9. Rc1 Bg4 10. b3 d5 11. c5 Nc8 12. Be2 Nc6 13. h3 Bxf3 14. Bxf3 e6 15. O-O N8e7 16. a3 Nf5 17. Ne2 Qf6 18. b4 Ncxd4 19. Nxd4 Nxd4 20. Bxd4 Qxd4 21. Qxd4 Bxd4 22. Rfd1 Bb2 23. Rb1 Be5 24. Rd3 Rfc8 25. g3 b6 26. cxb6 axb6 27. Re1 Bc3 28.
Rc1 Rxa3 29. b5 Rc5 30. h4 Kg7 31. Kg2 Bb4 32. Rxc5 Rxd3 0-1

[Event "*** Titled Tuesday Blitz"]
[Site "Chess.com"]
[Date "2019.12.03"]
[Round "5"]
[White "Eloist"]
[Black "albi1999"]
[Result "0-1"]
[WhiteElo "2367"]
[BlackElo "2593"]
[TimeControl "180+2"]
[EndTime "14:02:10 PST"]
[Termination "albi1999 won by resignation"]

1. e4 e5 2. Bc4 Nf6 3. d3 Bc5 4. Nf3 d6 5. O-O h6 6. c3 O-O 7. Nbd2 a6 8. d4 exd4 9. cxd4 Ba7 10. e5 dxe5 11. dxe5 Ng4 12. Qe2 Nc6 13. e6 fxe6 14. Bxe6+ Kh8 15. Bxc8 Rxc8 16. h3 Re8 17. Qc4 Nge5 18. Nxe5 Nxe5 19. Qb3 Nd3 20. Nf3 Nxf2 21. Rxf2 Re2 22. Qxb7 Bxf2+ 0-1

[Event "*** Titled Tuesday Blitz"]
[Site "Chess.com"]
[Date "2019.12.03"]
[Round "5"]
[White "VincentKeymer"]
[Black "GCamachoMartinez"]
[Result "1-0"]
[WhiteElo "2641"]
[BlackElo "2436"]
[TimeControl "180+2"]
[EndTime "14:02:19 PST"]
[Termination "VincentKeymer won by resignation"]

1. Nf3 Nf6 2. g3 d5 3. Bg2 c5 4.
O-O Nc6 5. c4 d4 6. a3 e5 7. b4 cxb4 8. axb4 Bd6 9. c5 Bc7 10.
b5 Ne7 11. b6 Bb8 12. bxa7 Bc7 13. Na3 Nc6 14. Nb5 O-O 15. d3 Be6 16. Bg5 Bd5 17.
Bxf6 gxf6 18. Qc1 Kg7 19. Nh4 Bxg2 20. Nf5+ Kg6 21. g4 1-0

[Event "*** Titled Tuesday Blitz"]
[Site "Chess.com"]
[Date "2019.12.03"]
[Round "5"]
[White "2165149677570"]
[Black "WorldChampionBulletChess"]
[Result "1-0"]
[WhiteElo "2340"]
[BlackElo "2087"]
[TimeControl "180+2"]
[EndTime "14:02:21 PST"]
[Termination "2165149677570 won by resignation"]

1. e4 d5 2. exd5 Qxd5 3. Nc3 Qd6 4. d4 Nf6 5. Nf3 Bg4 6. Be2 e6 7. h3 Bh5 8. O-O c6 9. Bg5 Be7 10. Ne5 Nbd7 11. Bxh5 h6 12. Bf4 Nxh5 13. Qxh5 g6 14. Nxg6 Qb4 15. Nxh8 O-O-O 16. Nxf7 Rf8 17. Bxh6 Rg8 18.
Ng5 Qxd4 19. Rad1 Qf6 20. Qf7 Qxf7 21. Nxf7 Nf6 22. Bg5 1-0

[Event "*** Titled Tuesday Blitz"]
[Site "Chess.com"]
[Date "2019.12.03"]
[Round "5"]
[White "HarutyunianTigranK"]
[Black "francyIM"]
[Result "1-0"]
[WhiteElo "2771"]
[BlackElo "2596"]
[TimeControl "180+2"]
[EndTime "14:02:22 PST"]
[Termination "HarutyunianTigranK won by resignation"]

1. c4 e5 2. Nc3 Nf6 3. Nf3 Nc6 4. e4 d6 5. Be2 g6 6. d4 Bg7 7. dxe5 Nxe5 8. O-O O-O 9. Nd2 Re8 10. b3 Nc6 11. Bb2 b6 12. Re1 Bb7 13. Bf1 a6 14. Qf3 Nd4 15. Qd3 Nd7 16. Rad1 Nc5 17. Qb1 Nce6 18.
Nd5 c6 19. Ne3 b5 20. Nc2 Nxc2 21. Qxc2 Bxb2 22. Qxb2 Qe7 23. e5 Rad8 24. Ne4 dxe5 25. Qxe5 Rxd1 26. Rxd1 Nf8 27. Nf6+ Kh8 28. Qa1 Qxf6 29.
Qxf6+ Kg8 30. Rd8 1-0

[Event "*** Titled Tuesday Blitz"]
[Site "Chess.com"]
[Date "2019.12.03"]
[Round "5"]
[White "SirMittensofMittensville"]
[Black "MajorCoast"]
[Result "1-0"]
[WhiteElo "2626"]
[BlackElo "2132"]
[TimeControl "180+2"]
[EndTime "14:02:27 PST"]
[Termination "SirMittensofMittensville won by checkmate"]

1. e4 c6 2. Nc3 d5 3. Nf3 Bg4 4. h3 Bxf3 5. Qxf3 e6 6. a3 Nd7 7. d3 Ngf6 8. g3 Be7 9. Bg2 O-O 10. O-O d4 11. Nb1 e5 12. Qe2 c5 13. Nd2 Bd6 14. Nc4 Bc7 15. a4 a6 16. a5 b5 17. axb6 Nxb6 18.
Nxb6 Bxb6 19. b3 Nd7 20. f4 f6 21. Bd2 a5 22. h4 Ra7 23. Bh3 Nb8 24. Be6+ Kh8 25. fxe5 fxe5 26. Bg5 Rxf1+ 27. Rxf1 Qd6 28. Qh5 h6 29. Qe8+ Kh7 30. Bg8+ Kh8 31. Bf7+ Kh7 32. Qg8# 1-0

[Event "*** Titled Tuesday Blitz"]
[Site "Chess.com"]
[Date "2019.12.03"]
[Round "5"]
[White "PawnEatingZombie"]
[Black "Everyfishknows"]
[Result "0-1"]
[WhiteElo "2118"]
[BlackElo "2302"]
[TimeControl "180+2"]
[EndTime "14:02:28 PST"]
[Termination "Everyfishknows won by resignation"]

1. d4 Nf6 2. c4 e6 3. Nc3 Bb4 4.
Qc2 O-O 5. e4 d5 6. e5 Ne4 7.
Bd3 c5 8. Nf3 cxd4 9. Nxd4 Nd7 10. Bf4 Qh4 11. g3 Qh5 12. h4 Nxe5 13. Be2 Ng4 14.
Bxg4 Qxg4 15. f3 Qh5 16. g4 Qg6 17. fxe4 e5 18. Bxe5 Re8 19. exd5 Rxe5+ 20. Kd2 Qxg4 21. Qd3 Qg2+ 22. Ne2 Bg4 23. Rhe1 Rae8 0-1

[Event "*** Titled Tuesday Blitz"]
[Site "Chess.com"]
[Date "2019.12.03"]
[Round "5"]
[White "becemix"]
[Black "MathiasWomacka"]
[Result "0-1"]
[WhiteElo "2480"]
[BlackElo "2330"]
[TimeControl "180+2"]
[EndTime "14:02:29 PST"]
[Termination "MathiasWomacka won by resignation"]

1. e4 c5 2. d4 cxd4 3. c3 dxc3 4. Nxc3 Nc6 5. Nf3 d6 6. Bc4 a6 7. O-O Nf6 8. Bg5 Bg4 9. Qb3 e6 10. Qxb7 Na5 11. Qb4 Bxf3 12. gxf3 Nxc4 13. Qxc4 Qc8 14.
Qa4+ Qd7 15. Qb3 Be7 16. e5 dxe5 17. Rfd1 Qc6 18. Rac1 Qxf3 19. Qa4+ Kf8 20. Bxf6 gxf6 21. Kf1 Rg8 22. Ne2 Qh1+ 0-1

[Event "*** Titled Tuesday Blitz"]
[Site "Chess.com"]
[Date "2019.12.03"]
[Round "5"]
[White "Eltaj_Safarli"]
[Black "bascheyaro"]
[Result "1-0"]
[WhiteElo "2991"]
[BlackElo "2763"]
[TimeControl "180+2"]
[EndTime "14:02:35 PST"]
[Termination "Eltaj_Safarli won by resignation"]

1. e4 e6 2. Qe2 d5 3. exd5 Qxd5 4. Nc3 Qd8 5. g4 Nf6 6. Bg2 c6 7. g5 Nd5 8. d4 Qa5 9. Bd2 Nxc3 10. bxc3 Nd7 11. h4 Nb6 12. Nf3 Qa4 13. Ne5 Bd6 14.
f4 Qxc2 15. O-O g6 16. Ng4 h5 17. Nf6+ Kf8 18. f5 exf5 19. Rae1 Be6 20. Bf4 Qxe2 21. Bxd6+ Kg7 22. Rxe2 Bc4 23. Re7 Nc8 24. Ne8+ Kf8 25.
Rxb7+ Nxd6 26. Nxd6 Bxf1 27. Kxf1 Rh7 28. Bxc6 Rd8 29. Nc4 Kg8 30. Ne5 Rf8 31. Bd5 1-0

[Event "*** Titled Tuesday Blitz"]
[Site "Chess.com"]
[Date "2019.12.03"]
[Round "5"]
[White "ural58"]
[Black "FrogMist"]
[Result "0-1"]
[WhiteElo "2404"]
[BlackElo "2301"]
[TimeControl "180+2"]
[EndTime "14:02:52 PST"]
[Termination "FrogMist won by resignation"]

1. e4 c6 2. Nc3 d5 3. Nf3 Nf6 4. e5 Ne4 5. Be2 Bf5 6. Nxe4 dxe4 7. Nh4 Bg6 8. e6 Qd5 9. Nxg6 hxg6 10. exf7+ Qxf7 11.
b3 Nd7 12. Bb2 Nf6 13. Bc4 e6 14. a4 Bc5 15. Qe2 O-O-O 16. O-O-O Qe7 17. Kb1 Kb8 18. h3 Bd4 19. Rhe1 e5 20. c3 Bb6 21. b4 Bc7 22. Qe3 Bb6 23. Qg3 g5 24. Qxg5 Bxf2 25. Rxe4 Rh5 26.
Qg6 Nxe4 27. Qxe4 Rh4 28. g4 Rxh3 29. Qf5 Rf8 30. Qxf2 Rxf2 0-1

[Event "*** Titled Tuesday Blitz"]
[Site "Chess.com"]
[Date "2019.12.03"]
[Round "5"]
[White "kinga2008"]
[Black "Kislov_Oleg"]
[Result "0-1"]
[WhiteElo "1978"]
[BlackElo "2512"]
[TimeControl "180+2"]
[EndTime "14:02:57 PST"]
[Termination "Kislov_Oleg won on time"]

1. e4 e6 2. d4 d5 3. exd5 exd5 4. Nc3 c6 5. Nf3 Bd6 6. Be3 Ne7 7. Bd3 Bg4 8. h3 Bh5 9. Be2 Nd7 10. O-O O-O 11. Bd3 f5 12. Re1 Qc7 13. Bg5 Rae8 14. a3 Nf6 15. b4 Ne4 16. Bd2 Ng6 17. Qc1 Bxf3 0-1

[Event "*** Titled Tuesday Blitz"]
[Site "Chess.com"]
[Date "2019.12.03"]
[Round "5"]
[White "Laico"]
[Black "Frolik67"]
[Result "0-1"]
[WhiteElo "2335"]
[BlackElo "2547"]
[TimeControl "180+2"]
[EndTime "14:03:04 PST"]
[Termination "Frolik67 won by resignation"]

1. e4 e6 2. d4 d5 3. Nd2 Nf6 4. e5 Nfd7 5. Bd3 c5 6. c3 Nc6 7.
Ne2 cxd4 8. cxd4 f6 9. exf6 Nxf6 10. Nf3 Bd6 11. Bf4 Bxf4 12. Nxf4 Qa5+ 13. Qd2 Qxd2+ 14. Kxd2 O-O 15. g3 Ne4+ 16. Ke3 g5 17. Nh5 e5 18. dxe5 Bg4 19. Nxg5 Bxh5 20. Nxe4 dxe4 21. Bc4+ Kg7 22. Kxe4 Bf3+ 23. Ke3 Bxh1 24. Rxh1 Nxe5 0-1

[Event "*** Titled Tuesday Blitz"]
[Site "Chess.com"]
[Date "2019.12.03"]
[Round "5"]
[White "Bigfish1995"]
[Black "Darhild"]
[Result "1-0"]
[WhiteElo "2993"]
[BlackElo "2655"]
[TimeControl "180+2"]
[EndTime "14:03:13 PST"]
[Termination "Bigfish1995 won by resignation"]

1. d4 Nf6 2. c4 g6 3. h4 c6 4. Nc3 d5 5. cxd5 cxd5 6. Bf4 Nc6 7. e3 Bg7 8. Be2 h6 9. Nf3 Bg4 10. Qb3 Qb6 11. Qxb6 axb6 12. Bc7 O-O 13. Bxb6 Nd7 14. Bc7 e5 15. Nxe5 Ndxe5 16. dxe5 Bxe2 17. Kxe2 Nxe5 18. Nxd5 Nc4 19. Rac1 Nxb2 20. Rc2 Ra4 21. Rb1 Nc4 22. Rxb7 Na3 23. Rc5 Rxh4 24. Ra7 Nb1 25. Rc1 Nc3+ 26.
Nxc3 Rc4 27. Kd3 Rc6 28. Ne2 Rxc1 29. Nxc1 Rc8 30. Nb3 1-0

[Event "*** Titled Tuesday Blitz"]
[Site "Chess.com"]
[Date "2019.12.03"]
[Round "5"]
[White "rasmussvane"]
[Black "Konavets"]
[Result "1-0"]
[WhiteElo "2830"]
[BlackElo "2900"]
[TimeControl "180+2"]
[EndTime "14:03:19 PST"]
[Termination "rasmussvane won by resignation"]

1. Nf3 d5 2. g3 c5 3. Bg2 Nf6 4.
O-O e6 5. d4 cxd4 6. Nxd4 e5 7.
Nf3 Nc6 8. c4 d4 9. e3 Be7 10.
exd4 exd4 11. Bf4 O-O 12. Ne5 Qb6 13. Re1 Be6 14. Nd2 Nxe5 15. Rxe5 a6 16. Qb3 Qd8 17. Bxb7 Ra7 18. Ree1 Nh5 19. Be5 a5 20. Bf3 Nf6 21.
Rad1 a4 22. Qd3 Nd7 23. Bxd4 Ra5 24. Ne4 Qc7 25. Qc3 Ne5 26. Bg2 Nc6 27. Bxg7 Bb4 28. Nf6+ 1-0

[Event "*** Titled Tuesday Blitz"]
[Site "Chess.com"]
[Date "2019.12.03"]
[Round "5"]
[White "jefferyx"]
[Black "Dhaydon19"]
[Result "1-0"]
[WhiteElo "2901"]
[BlackElo "2634"]
[TimeControl "180+2"]
[EndTime "14:03:20 PST"]
[Termination "jefferyx won by resignation"]

1. c4 c5 2. Nf3 Nc6 3. Nc3 Nf6 4. g3 g6 5. Bg2 Bg7 6. d4 cxd4 7. Nxd4 O-O 8. O-O d6 9. e3 Bd7 10. b3 Rc8 11. Bb2 a6 12. Re1 Re8 13. Rc1 Nxd4 14. exd4 Bc6 15. d5 Bd7 16. Qe2 Qa5 17. a3 b5 18. b4 Qb6 19. cxb5 axb5 20. Bf1 Ng4 21. Ne4 Bxb2 22. Qxb2 Ne5 23. Be2 Bf5 24. Nd2 Bd3 25. Nb3 Bxe2 26. Qxe2 Rxc1 27. Rxc1 Nc4 28. a4 bxa4 29. Qxc4 axb3 30. Qxb3 Rb8 31. Rc6 Qxb4 32. Rc8+ 1-0

[Event "*** Titled Tuesday Blitz"]
[Site "Chess.com"]
[Date "2019.12.03"]
[Round "5"]
[White "mitrabhaa"]
[Black "gusanchutik"]
[Result "0-1"]
[WhiteElo "2643"]
[BlackElo "2963"]
[TimeControl "180+2"]
[EndTime "14:03:30 PST"]
[Termination "gusanchutik won by resignation"]

1. Nf3 Nf6 2. g3 d5 3. Bg2 g6 4. c4 c6 5. d4 Bg7 6. O-O O-O 7. Qb3 Qb6 8. Nc3 Bf5 9. c5 Qc7 10. Bf4 Qc8 11. Qd1 Bh3 12. b4 Bxg2 13. Kxg2 Nbd7 14. a4 Ne4 15. Qc2 f5 16. Rfd1 h6 17. h4 Ndf6 18. Be5 Ng4 19. Bxg7 Kxg7 20. Rf1 Nexf2 21.
Qc1 Ne4 22. Nh2 Ngf6 23. e3 Qc7 24. Ne2 Nh5 25. Nf4 Nxf4+ 26. gxf4 g5 27. Nf3 gxh4 28.
Ne5 Kh7 29. Kh2 Rg8 30. Rg1 Rg3 31. Rxg3 hxg3+ 32. Kg2 e6 33. Qd1 Qg7 34. Qh5 Nf6 35. Qh4 Rg8 36. b5 Ng4 37. Nxg4 Qxg4 38. Qxg4 fxg4 39. Kxg3 h5 40. bxc6 bxc6 41. Rb1 Kg6 42. Rb7 Kf5 43. a5 h4+ 44. Kxh4 g3 45. Rb1 g2 46.
Rg1 Ke4 47. Kh3 Kxe3 0-1

[Event "*** Titled Tuesday Blitz"]
[Site "Chess.com"]
[Date "2019.12.03"]
[Round "5"]
[White "artooon"]
[Black "Vuks91"]
[Result "1-0"]
[WhiteElo "2806"]
[BlackElo "2628"]
[TimeControl "180+2"]
[EndTime "14:03:34 PST"]
[Termination "artooon won by resignation"]

1. e4 d6 2. d4 Nf6 3. Nc3 e5 4. dxe5 dxe5 5. Qxd8+ Kxd8 6. Bc4 Ke8 7. Nf3 Bd6 8. Bg5 Nbd7 9. O-O-O a6 10. Bxf6 Nxf6 11. h3 Ke7 12. g4 h6 13. g5 hxg5 14. Nxg5 Rf8 15. f4 Be6 16. Nxe6 fxe6 17. f5 exf5 18. exf5 Rh8 19. Rdg1 Rh7 20. Rg6 Rah8 21. Nd5+ Nxd5 22. Bxd5 c6 23. Bg2 Rf8 24. Re6+ Kd7 25. Rd1 Kc7 26.
Rexd6 1-0

[Event "*** Titled Tuesday Blitz"]
[Site "Chess.com"]
[Date "2019.12.03"]
[Round "5"]
[White "chesstatour"]
[Black "GremioPrudente"]
[Result "0-1"]
[WhiteElo "1952"]
[BlackElo "2239"]
[TimeControl "180+2"]
[EndTime "14:03:34 PST"]
[Termination "GremioPrudente won on time"]

1. c4 c5 2. Nf3 Nf6 3. Nc3 Nc6 4. g3 g6 5. Bg2 Bg7 6. O-O O-O 7. d4 cxd4 8. Nxd4 Nxd4 9. Qxd4 d6 10. Bg5 Be6 11. Qd2 Rc8 12. b3 Qd7 13. Rac1 Ng4 14.
Nd5 f6 15. Be3 Nxe3 16. Qxe3 b6 17. Rcd1 Rc5 18. a4 Re8 19. Nb4 Bg4 20. f3 Be6 21. Qd2 a5 22. Nd3 Rcc8 23. Nf4 Bf7 24. Nd5 Rc5 25.
Nxb6 Qa7 0-1

[Event "*** Titled Tuesday Blitz"]
[Site "Chess.com"]
[Date "2019.12.03"]
[Round "5"]
[White "marcodobrikov"]
[Black "CzechmVIII"]
[Result "1-0"]
[WhiteElo "2352"]
[BlackElo "2129"]
[TimeControl "180+2"]
[EndTime "14:03:35 PST"]
[Termination "marcodobrikov won by resignation"]

1. e4 c5 2. b4 cxb4 3. a3 e5 4.
axb4 Bxb4 5. c3 Be7 6. Nf3 Nc6 7.
Bc4 Nf6 8. O-O O-O 9. Re1 d5 10. exd5 Nxd5 11. Nxe5 Nxe5 12. Rxe5 Be6 13. Ba3 Qc7 14.
Qe2 Bxa3 15. Nxa3 Nf4 16. Qe4 Bxc4 17. Nxc4 Ne6 18. Ne3 Nc5 19. Qd5 b6 20. Rh5 g6 21. Rh3 Rad8 22. Qa2 Nd3 23. Nd5 Rxd5 24. Qxd5 Rd8 25. Rxa7 Qxa7 26. Qxd8+ Kg7 27. Qd4+ Kg8 28. Qxd3 Qa1+ 29. Qf1 1-0

[Event "*** Titled Tuesday Blitz"]
[Site "Chess.com"]
[Date "2019.12.03"]
[Round "5"]
[White "r31415"]
[Black "pouya21"]
[Result "0-1"]
[WhiteElo "2471"]
[BlackElo "2735"]
[TimeControl "180+2"]
[EndTime "14:03:38 PST"]
[Termination "pouya21 won by checkmate"]

1. e4 c5 2. Nf3 d6 3. d4 cxd4 4. Nxd4 Nf6 5. Nc3 a6 6. h3 e5 7.
Nde2 b5 8. g4 b4 9. Nd5 Nxd5 10.
exd5 h5 11. g5 h4 12. Bg2 Be7 13. Qd2 a5 14. f4 Nd7 15. a3 Ba6 16. axb4 axb4 17.
Qxb4 O-O 18. c4 exf4 19. Bxf4 Nc5 20. Ra3 Bxg5 21. O-O Re8 22. Nd4 Bxf4 23. Rxf4 Qg5 24. Raf3 Nd3 25. Qxd6 Nxf4 26. Qxf4 Qxf4 27. Rxf4 Bxc4 28.
d6 Rad8 29. Nc6 Rxd6 30. Rxc4 Rd1+ 31. Kh2 Re2 32. b4 Rdd2 33. Rg4 f5 34. Rg5 f4 35. Kh1 Re1+ 36. Kh2 f3 37. b5 Ree2 38. b6 Rxg2+ 39. Rxg2 Rxg2+ 40. Kh1 Rb2 41. Ne7+ Kf7 42. Nc8 Rb1+ 43.
Kh2 f2 44. b7 f1=Q 45. Nd6+ Kg6 46. b8=Q Qf2# 0-1

[Event "*** Titled Tuesday Blitz"]
[Site "Chess.com"]
[Date "2019.12.03"]
[Round "5"]
[White "Firouzja2003"]
[Black "LawrenceTrent"]
[Result "1-0"]
[WhiteElo "3153"]
[BlackElo "2671"]
[TimeControl "180+2"]
[EndTime "14:03:41 PST"]
[Termination "Firouzja2003 won by resignation"]

1. e4 e5 2. Nf3 Nc6 3. Bb5 a6 4. Ba4 Nf6 5. O-O Bc5 6. c3 b5 7. Bc2 d5 8. a4 Bb7 9. axb5 axb5 10. Rxa8 Qxa8 11. exd5 Nxd5 12. d4 exd4 13. cxd4 Be7 14.
Qe2 Ncb4 15. Bb3 O-O 16. Nc3 Nxc3 17. bxc3 Nc6 18. Bd5 Bd6 19. Qxb5 Rb8 20. Bxf7+ Kf8 21. Qh5 Nd8 22. Ng5 Bxg2 23. Re1 1-0